 Dungeon Sprint DCSS version 0.24-a0-520-g8fd06ad (webtiles) character file.

Game seed: 2227599225108268623

1922 silentkaos13 the Carver (level 8, 0/124 HPs)
             Began as a Red Draconian Berserker on July 27, 2019.
             Was a High Priest of Trog.
             Slain by a demonic crawler (2 damage)
             ... in the Dungeon (Sprint I: "Red Sonja").
             The game lasted 00:03:52 (804 turns).

silentkaos13 the Carver (Red Draconian Berserker)    Turns: 804, Time: 00:03:52

Health: 0/124      AC:  6    Str: 27    XL:     8   Next: 96%
Magic:  8/8        EV: 16    Int:  8    God:    Trog [*****.]
Gold:   24         SH:  0    Dex: 10    Spells: 7/7 levels left

rFire    + . .     SeeInvis .   a - +0 falchion
rCold    . . .     Gourm    .   (no shield)
rNeg     . . .     Faith    .   (armour unavailable)
rPois    .         Spirit   .   (helmet restricted)
rElec    .         Reflect  .   (no cloak)
rCorr    .         Harm     .   (no gloves)
MR       .....     NoTele   +   (no boots)
Stlth    ..........             i - amulet of regeneration
HPRegen  0.70/turn              (no ring)
MPRegen  0.11/turn              (no ring)

@: berserking (expiring), short of breath, very quick
A: breathe fire, unfitting armour, fire resistance 1, cold-blooded, AC +6
a: Breathe Fire, Berserk, Trog's Hand, Brothers in Arms, Renounce Religion


You were in the Dungeon.
You worshipped Trog.
Trog was extremely pleased with you.
You were not hungry.

You visited 1 branch You collected 414 gold pieces.
You spent 390 gold pieces at shops.

Inventory:

Hand Weapons
 a - a +0 falchion (weapon)
Jewellery
 i - an amulet of regeneration (around neck)
Scrolls
 h - a scroll of blinking
Potions
 c - a potion of curing
 d - a potion of heal wounds
 e - a potion of haste
 f - 2 potions of magic
 g - a potion of berserk rage


   Skills:
 + Level 11.8 Fighting
 + Level 13.4 Long Blades
 + Level 10.0 Dodging
 - Level 2.3 Stealth


You had 7 spell levels left.
You didn't know any spells.
Your spell library was empty.

Dungeon Overview and Level Annotations

Branches:
Dungeon (1/1)

Altars:
Cheibriados
Dithmenos
Elyvilon
Fedhas
Gozag
Hepliaklqana
Kikubaaqudgha
Makhleb
Nemelex Xobeh
Okawaru
Qazlal
Ru
Sif Muna
Trog
Uskayaw
Vehumet
Wu Jian
Xom
Yredelemnul
Zin
The Shining One
Jiyva
Lugonu

Shops:
D =


Innate Abilities, Weirdness & Mutations

You can breathe blasts of fire.
Your fiery red scales are hard. (AC +6)
You cannot fit into any form of body armour.
Your flesh is heat resistant. (rF+)
You are cold-blooded and may be slowed by cold attacks.


Message History

You tail-slap the demonic crawler.
The demonic crawler is heavily wounded.
You slash the demonic crawler!
The demonic crawler is severely wounded.
The demonic crawler closely misses you.
You riposte.
You hit the demonic crawler. You tail-slap the demonic crawler.
The demonic crawler is almost dead.
The demonic crawler hits you.
* * * LOW HITPOINT WARNING * * *
The demonic crawler hits you.
* * * LOW HITPOINT WARNING * * *
You barely miss the demonic crawler.
You tail-slap the demonic crawler, but do no damage.
The demonic crawler is almost dead.
You hit the demonic crawler but do no damage.
The demonic crawler is almost dead.
The demonic crawler hits you!
* * * LOW HITPOINT WARNING * * *
The demonic crawler closely misses you. The demonic crawler hits you.
You die...

##################
.#.)'..#__#..')..#
.'..#..'..'..#).†##+#
'#####'#__####..@s..#
.#...#.#### #####..+
##..##(# ## _##'#_.+
..÷..._# _##_.#'#
_###+#)# ## ###


You could see a demonic crawler.

Vanquished Creatures
  2 kobold demonologists (D)
  3 demonic crawlers (D)
  A slime creature (D)
  Sigmund (D)
  A yak (D)
  A floating eye (D)
  An ogre (D)
  A jelly (D)
  Ijyb (D)
12 creatures vanquished.

Notes
Turn   | Place    | Note
-------+----------+-------------------------------------------
     0 | D        | silentkaos13 the Draconian Berserker began the quest for
                  | the Orb.
     0 | D        | Reached XP level 1. HP: 19/19 MP: 1/1
     1 | D        | Noticed Ijyb
    21 | D        | Killed Ijyb
    21 | D        | Reached skill level 4 in Long Blades
    21 | D        | Reached XP level 2. HP: 22/28 MP: 2/2
    80 | D        | Noticed an ogre
    84 | D        | Killed an ogre
    84 | D        | Reached skill level 6 in Long Blades
    84 | D        | Reached skill level 5 in Dodging
    84 | D        | Reached XP level 3. HP: 37/38 MP: 3/3
    84 | D        | Reached XP level 4. HP: 43/45 MP: 4/4
   187 | D        | Noticed Sigmund
   196 | D        | Killed Sigmund
   196 | D        | Reached ** piety under Trog
   196 | D        | Reached skill level 8 in Long Blades
   196 | D        | Reached XP level 5. HP: 56/56 MP: 5/5
   196 | D        | Reached XP level 6. HP: 62/62 MP: 6/6
   223 | D        | Found an ornate altar of the Wu Jian Council.
   223 | D        | Found a deep blue altar of Sif Muna.
   225 | D        | Found a radiant altar of Vehumet.
   261 | D        | Found Icoaf's Jewellery Emporium.
   261 | D        | Found an ancient bone altar of Kikubaaqudgha.
   261 | D        | Found a hazy altar of Hepliaklqana.
   261 | D        | Found a stormy altar of Qazlal.
   261 | D        | Found a hide-covered altar of Uskayaw.
   261 | D        | Found a blossoming altar of Fedhas.
   261 | D        | Found a bloodstained altar of Trog.
   261 | D        | Found an iron altar of Okawaru.
   261 | D        | Found a basalt altar of Yredelemnul.
   261 | D        | Found a glowing golden altar of the Shining One.
   261 | D        | Found a snail-covered altar of Cheibriados.
   261 | D        | Found a sacrificial altar of Ru.
   261 | D        | Found a glowing silver altar of Zin.
   261 | D        | Found a shadowy altar of Dithmenos.
   261 | D        | Found a white marble altar of Elyvilon.
   261 | D        | Noticed a yak
   270 | D        | Killed a yak
   270 | D        | Reached skill level 9 in Long Blades
   271 | D        | Found an opulent altar of Gozag.
   272 | D        | Found a sparkling altar of Nemelex Xobeh.
   292 | D        | Found a burning altar of Makhleb.
   292 | D        | Found a viscous altar of Jiyva.
   292 | D        | Found a shimmering altar of Xom.
   292 | D        | Found a corrupted altar of Lugonu.
   292 | D        | Noticed a slime creature
   306 | D        | Killed a slime creature
   306 | D        | Reached *** piety under Trog
   306 | D        | Reached skill level 10 in Fighting
   306 | D        | Reached skill level 10 in Long Blades
   306 | D        | Your scales start taking on a fiery red colour.
   306 | D        | Reached XP level 7. HP: 43/72 MP: 7/7
   306 | D        | Gained mutation: Your flesh is heat resistant. (rF+) [Red
                  | Draconian growth]
   463 | D        | Bought an uncursed amulet of regeneration for 390 gold
                  | pieces
   686 | D        | Noticed a kobold demonologist
   687 | D        | Noticed a kobold demonologist
   689 | D        | Paralysed by a floating eye for 2 turns
   695 | D        | Noticed a chaos spawn
   696 | D        | Noticed a hellwing
   698 | D        | Noticed a soul eater
   698 | D        | Noticed an ice devil
   707 | D        | Killed a kobold demonologist
   707 | D        | Reached skill level 11 in Long Blades
   707 | D        | Reached skill level 1 in Stealth
   707 | D        | Reached XP level 8. HP: 48/81 MP: 8/8
   709 | D        | Killed a kobold demonologist
   709 | D        | Reached **** piety under Trog
   709 | D        | Reached skill level 12 in Long Blades
   780 | D        | Noticed a demonic crawler
   780 | D        | Noticed a demonic crawler
   780 | D        | Noticed a demonic crawler
   780 | D        | Noticed a demonic crawler
   786 | D        | Killed a demonic crawler
   789 | D        | Killed a demonic crawler
   789 | D        | Reached skill level 13 in Long Blades
   792 | D        | Killed a demonic crawler
   792 | D        | Reached ***** piety under Trog
   792 | D        | Reached skill level 10 in Dodging
   804 | D        | HP: 2/124 [demonic crawler (8)]
   804 | D        | Slain by a demonic crawler

Levels and vault maps discovered:
D:        dungeon_sprint_1 [red_sonja_temple_1, red_sonja_temple_small_1]

Skill      XL: |  1  2  3  4  5  6  7  8 |
---------------+-------------------------+-----
Fighting       | 4 6 8 10 11 | 11.8
Long Blades    | 4 6 8 10 11 13 | 13.4
Dodging        | 3 5 6 8 9 10 | 10.0
Stealth        | 1 2 |  2.3

Action                   |  1- 3 |  4- 6 |  7- 9 || total
-------------------------+-------+-------+-------++-------
Melee: Falchion          |    22 |    31 |    40 ||    93
       Tailslap          |     5 |     7 |    15 ||    27
Invok: Berserk           |     1 |     1 |     2 ||     4
 Abil: Breathe Fire      |       |       |     2 ||     2
  Eat: Ration            |       |       |     1 ||     1
Armor: Skin              |     2 |     3 |    10 ||    15
Dodge: Dodged            |    14 |    16 |    38 ||    68
       Rpst.: Falchion   |     4 |     2 |    11 ||    17

Table legend:
 A = Non-vault XP
 B = Vault XP
 C = Vault XP percentage of total XP
 D = Non-vault monster count
 E = Vault monster count
 F = Vault count percentage of total count
                 A         B        C        D         E       F
            +---------+---------+-------+---------+---------+-------
      Total |       0 |    2746 | 100.0 |       0 |      12 | 100.0
            +---------+---------+-------+---------+---------+-------
          D |       0 |    2746 | 100.0 |       0 |      12 | 100.0
            +---------+---------+-------+---------+---------+-------
